 Dungeon Crawl Stone Soup version 0.28-a0-834-g1a73be5ee4 (webtiles) character file.

Game seed: 3343428271338870737

324 flotson the Skirmisher (level 6, -2/44 (49) HPs)
             Began as a Demonspawn Delver on Nov 12, 2021.
             Slain by an orc (6 damage)
             ... on level 4 of the Dungeon.
             The game lasted 00:07:34 (3804 turns).

flotson the Skirmisher (Demonspawn Delver)          Turns: 3804, Time: 00:07:35

HP:   -2/44 (49)    AC:  6    Str: 14    XL:     6   Next: 23%
MP:   6/6           EV: 12    Int: 11    God:
Gold: 118           SH:  0    Dex: 15    Spells: 5/5 levels left

rFire   . . .      SeeInvis .   a - +0 war axe
rCold   . . .      Faith    .   (no shield)
rNeg    . . .      Spirit   .   i - +0 ring mail
rPois   .          Reflect  .   (no helmet)
rElec   .          Harm     .   (no cloak)
rCorr   .          Rampage  .   m - +0 pair of gloves
Will    .....                   (no boots)
Stlth   ++........              (no amulet)
HPRegen 0.14/turn               (no ring)
MPRegen 0.10/turn               (no ring)

@: heavily drained
A: demonic guardian 1, spiny 1
a: no special abilities


You were on level 4 of the Dungeon.
You visited 1 branch of the dungeon, and saw 5 of its levels.
You also visited: Ossuary.

You collected 118 gold pieces.

Inventory:

Hand Weapons
 a - a +0 war axe (weapon)
Armour
 i - a +0 ring mail (worn)
 m - a +0 pair of gloves (worn)
Jewellery
 c - an amulet of reflection
Wands
 g - a wand of digging (3)
Scrolls
 h - a scroll of torment
 j - a scroll of noise {unknown}
 k - a scroll of enchant armour {unknown}
 l - 4 scrolls of identify
 o - a scroll of enchant weapon {unknown}
 p - a scroll of teleportation {unknown}


   Skills:
 + Level 4.7 Fighting
 - Level 1.7 Axes
 + Level 3.1 Armour
 + Level 3.7 Dodging
 - Level 4.5 Stealth


You had 5 spell levels left.
You didn't know any spells.
Your spell library contained the following spells:

 Spells                   Type           Power      Damage    Failure   Level
 Beastly Appendage        Tmut           0%         N/A       56%         1
 Wereblood                Tmut           0%         N/A       71%         2
 Spider Form              Tmut/Pois      0%         N/A       91%         3


Dungeon Overview and Level Annotations

Branches:
Dungeon (5/15)            Ossuary (visited)
 Temple: D:4-7

Altars:
Elyvilon

Annotations:
D:4 Menkaure


Innate Abilities, Weirdness & Mutations

A weak demonic guardian rushes to your aid.
You are partially covered in sharp spines.


Message History

The orc hits you but does no damage.
The orc hits your shadow imp with a +0 war axe.
Your shadow imp hits the orc but does no damage.
The gnoll hits you but does no damage. x2
You are more poisoned.
It was a potion of cancellation.
Your magical effects are unravelling.
You feel magically purged.
You feel less wooden.
Your +0 pair of gloves unmelds from your body.
Your +0 ring mail unmelds from your body.
You feel very sick. The kobold is struck by your spines.
You kill the kobold!
The orc barely misses you. The orc barely misses your shadow imp.
Menkaure hits your shadow imp.
Your shadow imp barely misses the orc.
You hear some strange, mumbled words.
Something tries to affect you, but you resist.
The gnoll barely misses you. The gnoll is struck by your spines.
The gnoll hits you with a +2 whip of venom.
* * * LOW HITPOINT WARNING * * *
It was a potion of curing.
You feel better. The orc misses you. x2
The orc hits your shadow imp with a +0 war axe.
The gnoll shaman misses you.
Your shadow imp barely misses the orc.
The gnoll hits you from afar with a +0 halberd!
* * * LOW HITPOINT WARNING * * *
Menkaure barely misses your shadow imp. The gnoll barely misses you.
As you read the scroll labelled OCOUNI WUFE, it crumbles to dust.
Your body is wracked with pain!
* * * LOW HITPOINT WARNING * * *
A demonic guardian appears!
The orc convulses!
The gnoll shaman convulses!
The orc convulses!
Something is bathed in an unholy light!
The gnoll convulses! x2
The hound convulses!
It was a scroll of torment.
Your shadow imp disappears in a puff of smoke!
The orc hits you with a +0 club.
* * * LOW HITPOINT WARNING * * *
The gnoll hits you from afar with a +0 spear.
* * * LOW HITPOINT WARNING * * *
The orc hits you with a +0 war axe.
You die...

#.........#
#........##..
##...M......##
##.....##....# .#
##..##...##...# ...
#......>..##..###...
##........)...5.....
#........M##o.......
#...#..##.ยง@go......
##.##.#####og.......
## #####.#ggh......
##......Z...#
#...........#.
#.............
#.............
####........#.
##......##.


You could see Menkaure, a gnoll shaman, a hound, 3 gnolls, 3 orcs, a water
moccasin skeleton and a friendly white imp (summoned).

Vanquished Creatures
  An elf zombie (Ossuary)
  A human zombie (Ossuary)
  3 hound zombies (Ossuary)
  4 mummies
  3 adders (D:2)
  6 adder zombies (Ossuary)
  2 worms (D:2)
  3 dart slugs
  An orc (D:5)
  4 bats
  8 endoplasms
  5 giant cockroaches (D:1)
  A gnoll zombie (Ossuary)
  5 hobgoblins (D:2)
  2 jackals (D:2)
  4 kobolds
  A quokka (D:2)
  A ball python (D:2)
  A goblin (D:1)
  2 goblin zombies (Ossuary)
  3 hobgoblin zombies (Ossuary)
  2 jackal zombies (Ossuary)
  4 kobold zombies (Ossuary)
  An orc zombie (Ossuary)
  5 quokka zombies (Ossuary)
  2 rats (D:1)
  4 rat zombies (Ossuary)
79 creatures vanquished.

Vanquished Creatures (collateral kills)
  2 orcs (D:4)
  A jackal (D:2)
  A frilled lizard (D:2)
  A goblin zombie (Ossuary)
  A quokka zombie (Ossuary)
6 creatures vanquished.

Grand Total: 85 creatures vanquished

Notes
Turn   | Place    | Note
-------+----------+-------------------------------------------
     0 | D:5      | flotson the Demonspawn Delver began the quest for the Orb.
     0 | D:5      | Reached XP level 1. HP: 18/18 MP: 1/1
   141 | D:5      | Found a sand-covered staircase.
   158 | D:5      | Gained mutation: You are partially covered in sharp spines.
                  | [demonic ancestry]
   158 | D:5      | Reached XP level 2. HP: 13/24 MP: 2/2
   161 | Ossuary  | Entered an ossuary
   347 | Ossuary  | Reached skill level 1 in Armour
   392 | Ossuary  | Gained mutation: A weak demonic guardian rushes to your
                  | aid. [demonic ancestry]
   392 | Ossuary  | Reached XP level 3. HP: 25/29 MP: 3/3
   715 | Ossuary  | Reached XP level 4. HP: 14/37 MP: 4/4
  1005 | Ossuary  | Reached XP level 5. HP: 38/42 MP: 5/5
  2286 | D:5      | Noticed a centaur
  2315 | D:3      | Noticed a phantom
  2515 | D:2      | Reached XP level 6. HP: 41/49 MP: 6/6
  3223 | D:1      | Found a faded altar of an unknown god.
  3748 | D:2      | You fall into a shaft and drop 2 floors!
  3748 | D:4      | Noticed Menkaure
  3804 | D:4      | Slain by an orc

Illustrated notes

Levels and vault maps discovered:
D:1:      dpeg_arrival_round_a, layout_loops_ring,
          ebering_ecumenical_altar_mist, minmay_worlds_worst_comb
D:2:      layout_basic, basic_altar
D:3:      layout_basic, serial_co_window_serial, co_window_of_opportunity_a,
          co_window_of_opportunity_a, co_window_of_opportunity_a,
          co_window_of_opportunity_a, co_window_paths_a, co_window_corner_cb,
          co_window_broadway_c, co_window_corner_cb, co_window_paths_c,
          co_window_corner_b, co_window_2corner, co_window_4corner_a,
          glass_columns_a, glass_columns_c, glass_columns_b, hex_intersection,
          serial_bayou_lagoon_a
D:4:      layout_cave_pools, uniq_menkaure
D:5:      layout_basic, gup_ossuary_entry_pyramid

Skill      XL: |  1  2  3  4  5  6 |
---------------+-------------------+-----
Dodging        | 2 3 |  3.7
Armour         | 1 2 3 |  3.1
Fighting       | 4 |  4.7
Axes           | |  1.7
Stealth        | |  4.5

Action                   |  1- 3 |  4- 6 || total
-------------------------+-------+-------++-------
Melee: Hand axe          |    86 |    86 ||   172
       War axe           |       |    73 ||    73
  Use: Scroll            |     1 |     4 ||     5
       Potion            |     1 |     4 ||     5
 Stab: Sleeping          |       |     5 ||     5
Armor: Ring mail         |    30 |    46 ||    76
       Skin              |       |    19 ||    19
Dodge: Dodged            |    45 |    75 ||   120

Table legend: (Time is in decaauts)
 A = Elapsed time spent in this place.
 B = Non-inter-level travel time spent in this place.
 C = Inter-level travel time spent in this place.
 D = Time resting spent in this place.
 E = Time spent auto-exploring this place.
 F = Levels seen in this place.
 G = Mean time per level.
                   A        B        C        D        E       F      G
               +--------+--------+--------+--------+--------+-----+--------+
         Total |   3854 |   3808 |     46 |    424 |   2419 |   6 |  642.3 |
       Dungeon |   1780 |   1734 |     46 |     14 |   1278 |   5 |  356.0 |
       Ossuary |   2074 |   2074 |      0 |    410 |   1141 |   1 | 2074.0 |
               +--------+--------+--------+--------+--------+-----+--------+

Top non-repeatable levels by time:
 Ossuary: 2074 daAuts
     D:1: 850 daAuts
     D:2: 585 daAuts
     D:5: 231 daAuts
     D:4: 81 daAuts
     D:3: 30 daAuts
